TOP OF THE 1ST |
Nortonville Cherokees batting - Pitching for Portsmouth Coasties : RHP Alex Simmons
|
Pitching: RHP Alex Simmons
|
|
Batting: RHB Víctor López
|
0-0: Swinging Strike 0-1: Bunt for hit - play at first, batter OUT! 1-4
|
Batting: LHB Sergio Muñóz
|
0-0: Fly out, F7 (Flyball, 7M)
|
Batting: RHB José Correa
|
0-0: Ball 1-0: Called Strike 1-1: Swinging Strike 1-2: Strikes out looking
|
Top of the 1st over - 0 run(s), 0 hit(s), 0 error(s), 0 left on base; Nortonville 0 - Portsmouth 0 |
BOTTOM OF THE 1ST |
Portsmouth Coasties batting - Pitching for Nortonville Cherokees : RHP Rudy Jenkins
|
Pitching: RHP Rudy Jenkins
|
|
Batting: RHB José Masaferro
|
0-0: Fly out, F9 (Flyball, 89M)
|
Batting: RHB José Villegas
|
0-0: Ball 1-0: Ball 2-0: Ball 3-0: Base on Balls
|
Batting: SHB Jim Bunker
|
0-0: Ball 1-0: Ball 2-0: Ball 3-0: Base on Balls José Villegas to second
|
Batting: RHB Ángel López
|
0-0: Fly out, F9 (Flyball, 89M)
|
Batting: RHB Ángel Ruezga
|
0-0: Ball 1-0: Ball 2-0: Called Strike 2-1: Ball 3-1: Base on Balls José Villegas to third Jim Bunker to second
|
Batting: RHB Dave Davis
|
0-0: Fielders Choice at 2nd, 5-4 (Groundball, 56)
|
Bottom of the 1st over - 0 run(s), 0 hit(s), 0 error(s), 2 left on base; Nortonville 0 - Portsmouth 0 |
TOP OF THE 2ND |
Nortonville Cherokees batting - Pitching for Portsmouth Coasties : RHP Alex Simmons
|
Batting: LHB Sam Good
|
0-0: Ball 1-0: Foul Ball, location: 2F 1-1: Fly out, F5 (Popup, 5F)
|
Batting: RHB Paco Vásquez
|
0-0: Ball 1-0: Reached on error, E5 (Groundball, 56)
|
Batting: RHB Claudio Torres
|
0-0: Ball 1-0: Ball 2-0: Swinging Strike 2-1: Ball 3-1: Base on Balls Paco Vásquez to second
|
Batting: RHB Chris Oudekirk
|
0-0: Ground out 5-3 (Groundball, 56S) Paco Vásquez to third Claudio Torres to second
|
Batting: RHB Javier Chávez
|
0-0: Ball 1-0: Foul Ball, location: 2F 1-1: Swinging Strike 1-2: Strikes out swinging
|
Top of the 2nd over - 0 run(s), 0 hit(s), 1 error(s), 2 left on base; Nortonville 0 - Portsmouth 0 |
BOTTOM OF THE 2ND |
Portsmouth Coasties batting - Pitching for Nortonville Cherokees : RHP Rudy Jenkins
|
Batting: SHB Lou Boone
|
0-0: Ball 1-0: Ball 2-0: Called Strike 2-1: Called Strike 2-2: Foul Ball, location: 2F 2-2: Strikes out looking
|
Batting: LHB José Rodríguez
|
0-0: Ball 1-0: Ball 2-0: SINGLE (Flyball, 7LM)
|
Batting: RHB John Aston
|
0-0: Grounds into double play, 6-4-3 (Groundball, 6M)
|
Bottom of the 2nd over - 0 run(s), 1 hit(s), 0 error(s), 0 left on base; Nortonville 0 - Portsmouth 0 |
TOP OF THE 3RD |
Nortonville Cherokees batting - Pitching for Portsmouth Coasties : RHP Alex Simmons
|
Batting: LHB Sean Booth
|
0-0: Swinging Strike 0-1: Called Strike 0-2: Foul Ball, location: 2F 0-2: Ball 1-2: Strikes out swinging
|
Batting: RHB Víctor López
|
0-0: Called Strike 0-1: Ball 1-1: Foul Ball, location: 2F 1-2: Ball 2-2: Ground out 5-3 (Groundball, 5)
|
Batting: LHB Sergio Muñóz
|
0-0: Called Strike 0-1: Swinging Strike 0-2: Ball 1-2: Ball 2-2: SINGLE (Groundball, 13) (infield hit)
|
Batting: RHB José Correa
|
0-0: Ball 1-0: Called Strike 1-1: Fielders Choice at 2nd, U6 (Groundball, 6M)
|
Top of the 3rd over - 0 run(s), 1 hit(s), 0 error(s), 1 left on base; Nortonville 0 - Portsmouth 0 |
BOTTOM OF THE 3RD |
Portsmouth Coasties batting - Pitching for Nortonville Cherokees : RHP Rudy Jenkins
|
Batting: RHB José Masaferro
|
0-0: Ball 1-0: Foul Ball, location: 2F 1-1: Called Strike 1-2: Foul Ball, location: 2F 1-2: Ball 2-2: Ground out 6-3 (Groundball, 6M)
|
Batting: RHB José Villegas
|
0-0: Ball 1-0: Bunt for hit - play at first, batter OUT! 2-3
|
Batting: SHB Jim Bunker
|
0-0: Ball 1-0: Foul Ball, location: 2F 1-1: Ball 2-1: Swinging Strike 2-2: Ball 3-2: Base on Balls
|
Batting: RHB Ángel López
|
0-0: Called Strike 0-1: Swinging Strike 0-2: Ball 1-2: Foul Ball, location: 2F 1-2: Strikes out looking
|
Bottom of the 3rd over - 0 run(s), 0 hit(s), 0 error(s), 1 left on base; Nortonville 0 - Portsmouth 0 |
TOP OF THE 4TH |
Nortonville Cherokees batting - Pitching for Portsmouth Coasties : RHP Alex Simmons
|
Batting: LHB Sam Good
|
0-0: Swinging Strike 0-1: Ball 1-1: SOLO HOME RUN (Flyball, 9D), Distance : 398 ft
|
Batting: RHB Paco Vásquez
|
0-0: Swinging Strike 0-1: Swinging Strike 0-2: Ball 1-2: Strikes out looking
|
Batting: RHB Claudio Torres
|
0-0: Foul Ball, location: 2F 0-1: Ball 1-1: Ball 2-1: Called Strike 2-2: Ball 3-2: Fly out, F8 (Flyball, 8RM)
|
Batting: RHB Chris Oudekirk
|
0-0: Ball 1-0: Ball 2-0: Called Strike 2-1: Ball 3-1: Called Strike 3-2: Foul Ball, location: 2F 3-2: Base on Balls
|
Batting: RHB Javier Chávez
|
0-0: SINGLE (Line Drive, 78M) Chris Oudekirk to second
|
Batting: LHB Sean Booth
|
0-0: Called Strike 0-1: Called Strike 0-2: Strikes out swinging
|
Top of the 4th over - 1 run(s), 2 hit(s), 0 error(s), 2 left on base; Nortonville 1 - Portsmouth 0 |
BOTTOM OF THE 4TH |
Portsmouth Coasties batting - Pitching for Nortonville Cherokees : RHP Rudy Jenkins
|
Batting: RHB Ángel Ruezga
|
0-0: Fly out, F9 (Flyball, 89S)
|
Batting: RHB Dave Davis
|
0-0: Ball 1-0: Swinging Strike 1-1: Called Strike 1-2: Ball 2-2: Strikes out looking
|
Batting: SHB Lou Boone
|
0-0: SINGLE (Groundball, 56D)
|
Batting: LHB José Rodríguez
|
0-0: Ball 1-0: Swinging Strike 1-1: Ball 2-1: SINGLE (Groundball, 13) (infield hit) Lou Boone to second
|
Batting: RHB John Aston
|
0-0: Ball 1-0: Swinging Strike 1-1: Ball 2-1: Swinging Strike 2-2: Strikes out swinging
|
Bottom of the 4th over - 0 run(s), 2 hit(s), 0 error(s), 2 left on base; Nortonville 1 - Portsmouth 0 |
TOP OF THE 5TH |
Nortonville Cherokees batting - Pitching for Portsmouth Coasties : RHP Alex Simmons
|
Batting: RHB Víctor López
|
0-0: Foul Ball, location: 2F 0-1: Fly out, F9 (Flyball, 9M)
|
Batting: LHB Sergio Muñóz
|
0-0: Foul Ball, location: 2F 0-1: Ball 1-1: Bunt missed! 1-2: Foul Ball, location: 2F 1-2: Strikes out looking
|
Batting: RHB José Correa
|
0-0: Ball 1-0: Ball 2-0: SINGLE (Groundball, 56D) (infield hit)
|
Batting: LHB Sam Good
|
0-0: Ball 1-0: Ball 2-0: 2-RUN HOME RUN (Flyball, 9LD), Distance : 363 ft
|
Batting: RHB Paco Vásquez
|
0-0: Ball 1-0: Called Strike 1-1: Called Strike 1-2: Strikes out swinging
|
Top of the 5th over - 2 run(s), 2 hit(s), 0 error(s), 0 left on base; Nortonville 3 - Portsmouth 0 |
BOTTOM OF THE 5TH |
Portsmouth Coasties batting - Pitching for Nortonville Cherokees : RHP Rudy Jenkins
|
Batting: RHB José Masaferro
|
0-0: Called Strike 0-1: Called Strike 0-2: Hit by Pitch
|
Batting: RHB José Villegas
|
0-0: Ball 1-0: Ball 2-0: Bunted foul 2-1: Sac Bunt - play at first, batter OUT! 1-4 José Masaferro to second
|
Batting: SHB Jim Bunker
|
0-0: Called Strike 0-1: Ground out 4-3 (Groundball, 4) José Masaferro to third
|
Batting: RHB Ángel López
|
0-0: Ball 1-0: Ball 2-0: Ball 3-0: Base on Balls
|
Batting: RHB Ángel Ruezga
|
0-0: Ball 1-0: Ball 2-0: Ball 3-0: Called Strike 3-1: Fly out, F3 (Popup, 34D)
|
Bottom of the 5th over - 0 run(s), 0 hit(s), 0 error(s), 2 left on base; Nortonville 3 - Portsmouth 0 |
TOP OF THE 6TH |
Nortonville Cherokees batting - Pitching for Portsmouth Coasties : RHP Alex Simmons
|
Batting: RHB Claudio Torres
|
0-0: Called Strike 0-1: Fly out, F4 (Popup, 34D)
|
Batting: RHB Chris Oudekirk
|
0-0: Ball 1-0: Fly out, F3 (Popup, 34S)
|
Batting: RHB Javier Chávez
|
0-0: Ball 1-0: Called Strike 1-1: Foul Ball, location: 2F 1-2: Ball 2-2: SINGLE (Flyball, 8LS)
|
Batting: LHB Sean Booth
|
0-0: Called Strike 0-1: Fly out, F7 (Flyball, 78M)
|
Top of the 6th over - 0 run(s), 1 hit(s), 0 error(s), 1 left on base; Nortonville 3 - Portsmouth 0 |
BOTTOM OF THE 6TH |
Portsmouth Coasties batting - Pitching for Nortonville Cherokees : RHP Rudy Jenkins
|
Batting: RHB Dave Davis
|
0-0: Called Strike 0-1: Ball 1-1: Swinging Strike 1-2: Ground out 6-3 (Groundball, 6)
|
Batting: SHB Lou Boone
|
0-0: Ball 1-0: Ball 2-0: SINGLE (Groundball, 4MD)
|
Batting: LHB José Rodríguez
|
0-0: Foul Ball, location: 2F 0-1: Ball 1-1: Ball 2-1: SINGLE (Groundball, 13S) (infield hit) Lou Boone to second
|
Pitching: RHP Roberto Cabrera
|
|
Batting: RHB John Aston
|
0-0: Called Strike 0-1: SINGLE (Line Drive, 4MD) Lou Boone to third José Rodríguez to second Runner from 3rd tries for Home, SAFE, throw made home
|
Batting: RHB José Masaferro
|
0-0: Called Strike 0-1: SINGLE (Line Drive, 8RS) José Rodríguez to third John Aston to second
|
Batting: RHB José Villegas
|
0-0: Foul Ball, location: 2F 0-1: Called Strike 0-2: Ball 1-2: SINGLE (Groundball, 34D) José Rodríguez scores John Aston to third José Masaferro to second Runner from 3rd tries for Home, SAFE, throw made home José Masaferro to third José Villegas to second
|
Batting: SHB Jim Bunker
|
0-0: Called Strike 0-1: Ball 1-1: Foul Ball, location: 2F 1-2: Foul Ball, location: 2F 1-2: Foul Ball, location: 2F 1-2: Ball 2-2: Strikes out swinging
|
Batting: RHB Ángel López
|
0-0: Ball 1-0: Ball Wild Pitch! José Masaferro scores José Villegas to third 2-0: Fly out, F9 (Flyball, 9M)
|
Bottom of the 6th over - 4 run(s), 5 hit(s), 0 error(s), 1 left on base; Nortonville 3 - Portsmouth 4 |
TOP OF THE 7TH |
Nortonville Cherokees batting - Pitching for Portsmouth Coasties : RHP Alex Simmons
|
Batting: RHB Víctor López
|
0-0: Called Strike 0-1: Ball 1-1: Ball 2-1: Ground out 6-3 (Groundball, 6MD)
|
Batting: LHB Sergio Muñóz
|
0-0: Ball 1-0: Swinging Strike 1-1: Foul Ball, location: 2F 1-2: Ball 2-2: Strikes out swinging
|
Batting: RHB José Correa
|
0-0: Ground out 6-3 (Groundball, 6)
|
Top of the 7th over - 0 run(s), 0 hit(s), 0 error(s), 0 left on base; Nortonville 3 - Portsmouth 4 |
BOTTOM OF THE 7TH |
Portsmouth Coasties batting - Pitching for Nortonville Cherokees : RHP Roberto Cabrera
|
Pitching: RHP Carlos Valentín
|
|
Batting: RHB Ángel Ruezga
|
0-0: Called Strike 0-1: Ball 1-1: Swinging Strike 1-2: Strikes out swinging
|
Batting: RHB Dave Davis
|
0-0: Ball 1-0: Fly out, F9 (Line Drive, 9M)
|
Batting: SHB Lou Boone
|
0-0: Ball 1-0: Ball 2-0: Called Strike 2-1: Ball 3-1: Base on Balls
|
Pinch Hitting: LHB Travis Alexander
|
0-0: Ball 1-0: Ball 2-0: SINGLE (Flyball, 7LM) Lou Boone to second
|
Batting: RHB John Aston
|
0-0: Ball 1-0: Swinging Strike 1-1: SINGLE (Line Drive, 9LM) Lou Boone to third Travis Alexander to second
|
Batting: RHB José Masaferro
|
0-0: Called Strike 0-1: Foul Ball, location: 2F 0-2: Strikes out swinging
|
Bottom of the 7th over - 0 run(s), 2 hit(s), 0 error(s), 3 left on base; Nortonville 3 - Portsmouth 4 |
TOP OF THE 8TH |
Nortonville Cherokees batting - Pitching for Portsmouth Coasties : RHP Alex Simmons
|
Now at 1B: Jim McCormick
|
|
Batting: LHB Sam Good
|
0-0: Ball 1-0: Called Strike 1-1: Fly out, F5 (Popup, 5F)
|
Pitching: RHP David Davis
|
|
Batting: RHB Paco Vásquez
|
0-0: SINGLE (Groundball, 56D)
|
Pitching: RHP Justin Jamerson
|
|
Batting: RHB Claudio Torres
|
0-0: Ball 1-0: Ball 2-0: Called Strike 2-1: Ground out 5-3 (Groundball, 5S) Paco Vásquez to second
|
Pinch Hitting: RHB Jim Unknown
|
0-0: Ball 1-0: Called Strike 1-1: Ball 2-1: Ball 3-1: Called Strike 3-2: Strikes out swinging
|
Top of the 8th over - 0 run(s), 1 hit(s), 0 error(s), 1 left on base; Nortonville 3 - Portsmouth 4 |
BOTTOM OF THE 8TH |
Portsmouth Coasties batting - Pitching for Nortonville Cherokees : RHP Carlos Valentín
|
Now in LF: Jim Unknown
|
|
Batting: RHB José Villegas
|
0-0: Ball 1-0: Called Strike 1-1: Foul Ball, location: 2F 1-2: Foul Ball, location: 2F 1-2: Ball 2-2: Strikes out looking
|
Batting: SHB Jim Bunker
|
0-0: Ground out U3 (Groundball, 3)
|
Batting: RHB Ángel López
|
0-0: Ball 1-0: Swinging Strike 1-1: Fly out, F7 (Flyball, 78M)
|
Bottom of the 8th over - 0 run(s), 0 hit(s), 0 error(s), 0 left on base; Nortonville 3 - Portsmouth 4 |
TOP OF THE 9TH |
Nortonville Cherokees batting - Pitching for Portsmouth Coasties : RHP Justin Jamerson
|
Pitching: RHP Xavier Andrade
|
|
Pinch Hitting: RHB Jim Unknown
|
0-0: Ball 1-0: Called Strike 1-1: SINGLE (Line Drive, 6D)
|
Pinch Hitting: RHB Edén Mont
|
0-0: Bunted foul 0-1: Bunted foul 0-2: Reached on Error, E9 (Flyball, 89M) Jim Unknown to second
|
Pinch Hitting: RHB Thomas Morris
|
0-0: Ball 1-0: Foul Ball, location: 2F 1-1: Foul Ball, location: 2F 1-2: Strikes out swinging
|
Pinch Hitting: LHB Jafar Taha
|
0-0: Fly out, F8 (Flyball, 8RXD) Runner from 2nd tags up, SAFE at 3rd, no throw
|
Batting: RHB José Correa
|
0-0: Fly out, F4 (Popup, 4)
|
Top of the 9th over - 0 run(s), 1 hit(s), 1 error(s), 2 left on base; Nortonville 3 - Portsmouth 4 |
|